Map: Frozen Temple

Players

SpaceCowboy - Winner!

  • Race: Terran Terran
  • League: Diamond

Trizztein

  • Race: Terran Terran
  • League: Diamond

VOD

Have the link to the VOD?

Description

Time

  • Played on: Aug. 3, 2016, 1:30 p.m.
  • Length: 9:58
Show
View Real Time Build Order
Export as new Build Order

SpaceCowboy Terran - Winner!

Build Orders: Reaper Expand, Mech 

Get SALT Encoding   

  12  0:00  SCV  
  13  0:13  SCV  
  14  0:18  Supply Depot  
  14  0:25  SCV  
  15  0:39  SCV  
  15  0:42  Barracks  
  16  0:45  Refinery  
  16  0:51  SCV  
  17  1:05  SCV  
  18  1:17  SCV  
  19  1:32  Orbital Command  
  19  1:33  Reaper  
  20  1:49  Command Center  
  20  1:58  SCV  
  21  2:05  Reaper  
  21  2:07  Supply Depot  
  22  2:10  Refinery, SCV  
  23  2:28  SCV  
  24  2:31  Factory  
  24  2:41  SCV  
  24  2:42  Barracks Reactor  
  25  2:53  SCV  
  26  3:02  Orbital Command  
  26  3:05  SCV  
  27  3:17  Starport, SCV  
  28  3:24  Supply Depot, Hellion x2  
  28  3:25  Barracks Tech Lab  
  32  3:29  SCV  
  32  3:32  SCV  
  34  3:41  SCV  
  34  3:44  SCV  
  34  3:45  Hellion x2  
  34  3:48  Supply Depot  
  40  3:53  SCV  
  41  3:57  SCV  
  42  4:05  SCV  
  42  4:07  Hellion x2  
  42  4:09  SCV  
  48  4:13  Raven  
  49  4:17  SCV  
  49  4:20  Supply Depot, Barracks Reactor  
  49  4:21  SCV  
  51  4:29  SCV, Hellion x2  
  56  4:33  SCV  
  56  4:36  Refinery  
  56  4:37  Refinery  
  57  4:42  Factory, SCV  
  57  4:45  SCV  
  59  4:50  Supply Depot  
  59  4:51  Hellion x2  
  63  4:54  SCV  
  63  4:57  SCV  
  65  5:06  SCV, Viking x2  
  70  5:11  SCV  
  71  5:15  Supply Depot  
  71  5:18  SCV  
  71  5:19  Supply Depot  
  71  5:20  Siege Tank  
  71  5:21  Infernal Pre-Igniter  
  75  5:24  SCV  
  76  5:30  SCV  
  77  5:36  SCV  
  77  5:37  Viking  
  77  5:38  Viking  
  77  5:39  Supply Depot  
  77  5:42  SCV, Supply Depot  
  83  5:43  Hellion  
  83  5:46  Hellion  
  83  5:48  SCV  
  88  5:52  Armory  
  88  5:53  Liberator  
  88  5:54  SCV  
  89  5:57  Siege Tank  
  89  6:00  SCV  
  89  6:03  Liberator  
  89  6:04  Supply Depot  
  93  6:06  SCV  
  93  6:08  Hellion x2  
  101  6:14  SCV  
  102  6:18  SCV  
  106  6:27  SCV  
  106  6:29  Hellion x2  
  106  6:30  SCV  
  106  6:32  Supply Depot  
  112  6:36  Liberator  
  112  6:38  Siege Tank  
  112  6:39  SCV  
  116  6:42  Supply Depot  
  116  6:43  SCV  
  116  6:46  Liberator  
  117  6:51  Terran Vehicle Weapons Level 1  
  117  6:53  Refinery  
  120  6:54  Refinery  
  120  7:00  Supply Depot  
  120  7:04  Supply Depot  
  120  7:07  Hellion  
  125  7:12  SCV  
  125  7:13  Hellion  
  126  7:26  SCV  
  126  7:27  Siege Tank  
  126  7:28  Hellion  
  132  7:34  Hellion  
  134  7:37  Command Center  
  134  7:38  SCV  
  134  7:40  SCV  
  136  7:45  Liberator x2, Barracks Tech Lab  
  136  7:49  Factory  
  136  7:50  SCV  
  137  8:05  SCV  
  144  8:14  Supply Depot  
  144  8:15  Supply Depot  
  144  8:29  Siege Tank  
  147  8:42  Hellion x2  
  151  8:48  Viking  
  151  8:49  Viking  
  151  8:54  Factory  
  151  8:55  Factory, Orbital Command  
  151  9:09  Siege Tank, Hellion x2  
  156  9:12  SCV x2  
  158  9:18  Viking  
  158  9:19  Viking  
  157  9:24  SCV  
Show
View Real Time Build Order
Export as new Build Order

Trizztein Terran 

Build Orders: MMM Bio 

Get SALT Encoding   

  12  0:00  SCV  
  13  0:13  SCV  
  14  0:20  Supply Depot  
  14  0:25  SCV  
  15  0:42  SCV  
  16  0:46  Barracks  
  16  0:52  Refinery  
  16  0:54  SCV  
  17  1:06  SCV  
  19  1:18  SCV  
  20  1:34  Orbital Command, Reaper  
  20  1:49  Command Center  
  20  2:00  SCV  
  21  2:07  Barracks Reactor  
  21  2:17  SCV, Supply Depot  
  23  2:30  SCV  
  23  2:41  Command Center  
  23  2:42  SCV  
  24  2:44  Marine x2  
  26  2:54  SCV  
  26  2:55  Refinery  
  26  2:57  Factory  
  27  3:02  Marine x2  
  29  3:06  SCV  
  29  3:12  Orbital Command  
  30  3:18  SCV  
  31  3:22  Marine x2  
  33  3:27  Orbital Command  
  33  3:30  SCV  
  34  3:39  Marine x2  
  36  3:42  SCV  
  36  3:43  Starport  
  37  3:58  SCV  
  37  4:01  Engineering Bay  
  37  4:02  SCV  
  39  4:05  Orbital Command  
  38  4:11  SCV  
  38  4:19  Factory Tech Lab, Marine x2  
  38  4:20  SCV  
  41  4:24  SCV  
  41  4:26  Barracks  
  41  4:30  Barracks, Terran Infantry Weapons Level 1  
  42  4:33  SCV  
  42  4:34  SCV  
  42  4:38  Marine x2  
  46  4:40  Siege Tank  
  46  4:43  SCV  
  50  4:47  SCV  
  50  4:50  SCV, Supply Depot  
  52  4:53  Refinery  
  52  4:55  SCV  
  52  4:59  SCV  
  54  5:02  SCV  
  54  5:03  Marine x2  
  57  5:07  SCV, Missile Turret  
  57  5:11  SCV, Missile Turret  
  57  5:13  Missile Turret  
  59  5:15  SCV  
  59  5:18  Viking  
  59  5:19  SCV, Barracks Tech Lab  
  59  5:20  Barracks Tech Lab  
  63  5:24  SCV  
  63  5:26  Orbital Command  
  65  5:28  Refinery  
  65  5:37  SCV  
  65  5:38  SCV  
  65  5:40  Stimpack, Combat Shields  
  66  5:45  Barracks  
  66  5:46  Supply Depot  
  66  5:47  Barracks  
  66  5:49  Supply Depot  
  67  5:50  SCV  
  67  5:52  SCV  
  67  5:53  SCV  
  69  6:08  SCV x3  
  72  6:11  Marine x2  
  72  6:12  Supply Depot  
  72  6:15  Supply Depot  
  76  6:20  SCV x3, Marauder x2  
  80  6:32  SCV  
  81  6:34  Sensor Tower, SCV  
  81  6:35  SCV  
  83  6:41  Bunker  
  83  6:43  Supply Depot  
  83  6:44  SCV  
  83  6:45  Marauder x2, Marine x2  
  83  6:46  Barracks Tech Lab  
  83  6:47  Supply Depot, Barracks Reactor  
  90  6:48  SCV x2  
  90  6:50  Refinery  
  90  6:51  Refinery  
  90  6:53  Starport Reactor  
  92  6:54  Siege Tank  
  92  6:56  SCV  
  92  6:59  Supply Depot  
  96  7:01  Supply Depot  
  96  7:03  SCV x2, Marine  
  99  7:14  SCV  
  100  7:15  SCV x2  
  100  7:21  Marine x3  
  100  7:22  Marauder x2  
  106  7:24  Liberator x2  
  106  7:36  Marine x2  
  103  7:38  Marine  
  103  7:39  Marine  
  103  7:41  Marauder  
  103  7:43  Marauder, Marine  
  110  7:52  Barracks  
  110  7:53  Barracks x2  
  110  7:54  Marine x2, Siege Tank  
  110  7:56  Marine x2, Terran Infantry Armor Level 1  
  117  7:58  Armory  
  117  7:59  Engineering Bay  
  110  8:19  Marauder x3, Marine  
  116  8:20  Marine x3  
  116  8:24  Medivac, Viking  
  116  8:25  Concussive Shells  
  123  8:37  Marine x2  
  123  8:41  Marauder  
  125  8:51  Marine x2  
  125  8:52  Marine x2  
  125  8:54  Starport, Viking  
  125  8:55  Starport, Marine x2  
  125  9:01  Marine  
  108  9:05  Viking  
  108  9:09  Marine x3  
  105  9:14  Marine x3  
  109  9:19  Marine  
  85  9:24  Viking  
  85  9:26  Marine  
  85  9:27  Marine  
  85  9:29  Marine  
  85  9:31  Marine x3  
  54  9:32  Marine x3  
  54  9:37  Marine  
Tags
 
Add a new tag
Caveats
  • Supply blocks, unpowered buildings, or Contaminate may cause inaccurate times.
  • Supply counts are checked every 10 seconds.